 Dungeon Crawl Stone Soup version 0.30.0-5-g1a98f26d00 (webtiles) character file.

Game seed: 16727376637784538510

2629 backslashecho the Skirmisher (level 9, -3/63 HPs)
             Began as a Gnoll Hunter on May 10, 2023.
             Was an Elder of Hepliaklqana.
             Slain by a gnoll sergeant
             ... wielding a +3 halberd
              (11 damage)
             ... in a bailey.
             The game lasted 00:14:58 (5245 turns).

backslashecho the Skirmisher (Gnoll Hunter)         Turns: 5245, Time: 00:14:58

Health: -3/63      AC:  8    Str: 14    XL:     9   Next: 61%
Magic:  15/15      EV: 16    Int:  8    God:    Hepliaklqana [****..]
Gold:   431        SH:  0    Dex: 20    Spells: 17/17 levels left

rFire   . . .        a - +0 shortbow
rCold   . . .        (shield currently unavailable)
rNeg    . . .        c - +0 leather armour
rPois   +            o - +0 helmet of the Wumpus {+Blink rPois rCorr Str+3}
rElec   .            (no cloak)
rCorr   +            g - +2 pair of gloves
SInv    .            (no boots)
Will    .....        (no amulet)
Stlth   +++          (no ring)
HPRegen 0.30/turn    (no ring)
MPRegen 0.14/turn

%: no passive effects
@: no status effects
A: reduced essence, fangs 1, strong nose, distributed training
a: Renounce Religion, Evoke Blink, Recall Ancestor, Ancestor Identity,
Transference, Idealise


You were in a bailey.
You worshipped Hepliaklqana.
Hepliaklqana was greatly pleased with you.
You visited 1 branch of the dungeon, and saw 8 of its levels.
You also visited: Bailey.

You collected 431 gold pieces.

Inventory:

Hand Weapons
 a - a +0 shortbow (weapon)
 b - a +1 dagger of venom
 r - a +2 mace of holy wrath
Missiles
 d - 11 atropa-tipped darts
 l - 15 poisoned darts
 y - 5 curare-tipped darts
 E - 4 throwing nets
Armour
 c - a +0 leather armour (worn)
 g - a +2 pair of gloves (worn)
 o - the +0 helmet of the Wumpus (worn) {+Blink rPois rCorr Str+3}
   (You took it off Robin on level 2 of the Dungeon)

   Str:       It affects your strength (+3).
   rPois:     It protects you from poison.
   +Blink:    It lets you blink.
   rCorr:     It protects you from acid and corrosion.
 x - the +3 scale mail of Lebrarebb {rF+++ Will- Regen+ Int-5}
   (You found it on level 7 of the Dungeon)

   Int:       It affects your intelligence (-5).
   rF:        It renders you almost immune to fire.
   Regen:     It increases your rate of health regeneration.
   Will:      It decreases your willpower.
Magical Staves
 t - a staff of fire
 u - a staff of poison
Jewellery
 q - a ring of wizardry
 v - a ring of resist corrosion
Wands
 i - a wand of roots (10)
Scrolls
 e - a scroll of enchant weapon {unknown}
 f - 3 scrolls of identify
 j - 4 scrolls of blinking
 n - a scroll of fear {unknown}
 p - 2 scrolls of magic mapping
 w - 2 scrolls of immolation
Potions
 h - 3 potions of cancellation
 k - a potion of curing
 m - a potion of lignification {unknown}
 s - a potion of ambrosia
 z - 4 potions of resistance
 A - a potion of brilliance
 B - a potion of haste
 C - a potion of attraction {unknown}
 D - a potion of heal wounds {unknown}


   Skills:
 + Level 6.5 Fighting
 + Level 4.5 Short Blades
 + Level 4.5 Long Blades
 + Level 4.5 Axes
 + Level 4.5 Maces & Flails
 + Level 4.5 Polearms
 + Level 4.5 Staves
 + Level 9.7 Ranged Weapons
 + Level 4.5 Throwing
 + Level 4.5 Armour
 + Level 6.5 Dodging
 + Level 5.2 Stealth
 + Level 4.5 Shields
 + Level 4.5 Unarmed Combat
 + Level 4.5 Spellcasting
 + Level 3.8 Conjurations
 + Level 3.8 Hexes
 + Level 3.8 Summonings
 + Level 3.8 Necromancy
 + Level 3.8 Translocations
 + Level 3.8 Transmutations
 + Level 3.8 Fire Magic
 + Level 3.8 Ice Magic
 + Level 3.8 Air Magic
 + Level 3.8 Earth Magic
 + Level 3.8 Poison Magic
 + Level 5.0 Invocations
 + Level 4.5 Evocations


You had 17 spell levels left.
You didn't know any spells.
Your spell library contained the following spells:

 Spells                   Type           Power      Damage    Failure   Level
 Vhi's Electric Charge    Tloc/Air       14%        N/A       22%         3
 Arcjolt                  Conj/Air       3%         1d13      89%         5
 Plasma Beam              Fire/Air       3%         2x1d15    100%        6


Dungeon Overview and Level Annotations

Branches:
Dungeon (8/15)             Temple (0/1) D:6          Bailey (1/1)
   Lair: D:8-11

Altars:
Ashenzari
Hepliaklqana
Qazlal
Ru
Sif Muna
Uskayaw
The Shining One

Portals:
Abyss: D:5

Annotations:
D:3 3 runed translucent doors, Lightli's ghost, weakling OgDe
D:5 2 transporters, Juicyj's ghost, novice MiFi
D:7 Dowan; Duvessa


Innate Abilities, Weirdness & Mutations

Your life essence is reduced to manifest your ancestor. (-10% HP)
You have very sharp teeth.
Your uncanny sense of smell can sniff out nearby items.
Your experience applies equally to all skills.


Message History

Item here: a throwing net.
An open door, spattered with blood.
Okay, then.
Blink to where?
Press: ? - help, Dir - move target, p - gnoll sergeant
As you read the scroll of blinking, it crumbles to dust.
Your attacks no longer feel as feeble.
The gnoll sergeant is no longer moving quickly.
Things that are here:
a +0 halberd; a +0 chain mail
There is an open door here.
You close the door.
A gnoll sergeant opens the door.
You close the door.
A gnoll sergeant opens the door.
You close the door.
A gnoll sergeant opens the door.
You close the door.
A gnoll opens the door.
The gnoll sergeant barely misses you. The wolf attacks as you move away!
The wolf closely misses you. The wolf closely misses you.
The wolf pauses to sniff the ground.
The wolf completely misses you.
There is an open gate here.
The wolf attacks as you move away! The wolf bites you. The wolf misses you.
You take 5 damage, and have 22/63 hp.
The gnoll misses you. The wolf closely misses you. The wolf bites you.
You take 2 damage, and have 20/63 hp.
The wolf misses you. The wolf attacks as you move away!
The wolf barely misses you. The wolf bites you.
* * * LOW HITPOINT WARNING * * *
You take 5 damage, and have 16/63 hp.
The wolf attacks as you move away! The wolf bites you.
* * * LOW HITPOINT WARNING * * *
The wolf bites you!
* * * LOW HITPOINT WARNING * * *
You take 9 damage, and have 7/63 hp.
The wolf closely misses you. The gnoll closely misses you.
The wolf closely misses you. The wolf attacks as you move away!
The wolf misses you. x2
Okay, then.
Unknown command.
Aiming: Fastroot
Press: ? - help, Shift-Dir - straight line The roots erupt in riotous growth!
Roots grab the wolf.
Roots grab the gnoll sergeant.
The grasping roots constrict the wolf!
The grasping roots constrict the gnoll sergeant.
The wolf misses you.
The gnoll sergeant hits you from afar with a +3 halberd!
You die...

♣♣♣♣♣♣♣♣♣♣♣♣ ♣♣♣♣♣♣♣♣
♣♣≈≈≈≈≈≈≈≈≈≈≈ ≈≈≈≈≈≈≈≈
♣♣≈≈gh@# #######... ♣.≈.g###
....8.##.. ♣♣.≈..#∆
.......##. ♣..≈..#∆ ..g... #.
♣..≈..#∆ #####..g. #.
♣♣..≈..# ##...##ggh #.
♣♣...≈..######.....###(##.
#♣♣♣.......'...#)......#)....
#∩†.∩).....'...')..8...')..§.


You could see a gnoll sergeant (rooted), a wolf (rooted) and a gnoll.

Vanquished Creatures
  Eustachio (D:4)
  2 water moccasins
  2 ice beasts
  A centaur (D:6)
  2 scorpions
  A wight (D:6)
  A howler monkey (D:5)
  2 jellies
  A gnoll bouda (Bailey)
  4 hounds
  A sleepcap (D:6)
  3 orc priests
  2 iguanas
  Natasha (D:3)
  2 orc wizards (D:7)
  Robin (D:2)
  3 gnolls (Bailey)
  4 adders
  A white imp (D:7)
  An ufetubus (D:5)
  3 dart slugs
  13 orcs
  4 bats
  5 endoplasms
  4 giant cockroaches
  13 goblins
  7 hobgoblins
  7 jackals (D:1)
  6 kobolds
  A quokka (D:2)
  6 ball pythons
  5 frilled lizards
  6 rats
116 creatures vanquished.

Vanquished Creatures (collateral kills)
  A water moccasin (D:5)
  2 ice beasts
  A phantom (D:6)
  A bullfrog (D:7)
  2 gnoll sergeants (Bailey)
  A scorpion (D:4)
  2 wights
  A howler monkey (D:6)
  6 hounds
  An orc priest (D:5)
  A gnoll bouda (Bailey)
  Natasha (D:3)
  3 orc wizards
  4 gnolls (Bailey)
  5 adders
  8 orcs
  A ball python (D:2)
  2 bats
  3 hobgoblins
  3 goblins
  A rat (D:2)
50 creatures vanquished.

Vanquished Creatures (others)
  A knight (Bailey)
  An ancestor (D:2)
2 creatures vanquished.

Grand Total: 168 creatures vanquished

Notes
Turn   | Place    | Note
-------+----------+-------------------------------------------
     0 | D:1      | backslashecho the Gnoll Hunter began the quest for the Orb.
     0 | D:1      | Reached XP level 1. HP: 20/20 MP: 1/1
   118 | D:1      | Reached XP level 2. HP: 26/26 MP: 2/2
   304 | D:1      | Reached XP level 3. HP: 31/31 MP: 3/3
   326 | D:1      | Found a faded altar of an unknown god.
   380 | D:1      | Prayed at the altar of an unknown god.
   380 | D:1      | Became a worshipper of Hepliaklqana the Forgotten
   380 | D:1      | Reached * piety under Hepliaklqana
   588 | D:2      | Reached skill level 1 in Invocations
   638 | D:2      | Reached skill level 1 in Short Blades
   638 | D:2      | Reached skill level 1 in Long Blades
   638 | D:2      | Reached skill level 1 in Axes
   638 | D:2      | Reached skill level 1 in Maces & Flails
   638 | D:2      | Reached skill level 1 in Polearms
   638 | D:2      | Reached skill level 1 in Staves
   638 | D:2      | Reached skill level 1 in Throwing
   638 | D:2      | Reached skill level 1 in Armour
   638 | D:2      | Reached skill level 1 in Shields
   638 | D:2      | Reached skill level 1 in Unarmed Combat
   638 | D:2      | Reached skill level 1 in Spellcasting
   638 | D:2      | Reached skill level 1 in Evocations
   773 | D:2      | Identified the +0 helmet of the Wumpus {+Blink rPois rCorr
                  | Str+3}
   773 | D:2      | Noticed Robin
   790 | D:2      | Killed Robin
   791 | D:2      | Reached XP level 4. HP: 23/34 MP: 5/5
   811 | D:2      | Reached skill level 1 in Conjurations
   811 | D:2      | Reached skill level 1 in Hexes
   811 | D:2      | Reached skill level 1 in Summonings
   811 | D:2      | Reached skill level 1 in Necromancy
   811 | D:2      | Reached skill level 1 in Translocations
   811 | D:2      | Reached skill level 1 in Transmutations
   811 | D:2      | Reached skill level 1 in Fire Magic
   811 | D:2      | Reached skill level 1 in Ice Magic
   811 | D:2      | Reached skill level 1 in Air Magic
   811 | D:2      | Reached skill level 1 in Earth Magic
   811 | D:2      | Reached skill level 1 in Poison Magic
   983 | D:2      | Reached ** piety under Hepliaklqana
   993 | D:2      | Remembered your ancestor Tlaloc as a knight
  1149 | D:2      | Reached XP level 5. HP: 38/38 MP: 7/7
  1313 | D:3      | Found a shimmering blue altar of Sif Muna.
  1315 | D:3      | Found a broken altar of Ashenzari.
  1432 | D:3      | Found a runed translucent gate.
  1432 | D:3      | Found a runed translucent gate.
  1432 | D:3      | Found a runed translucent gate.
  1433 | D:3      | Noticed a kobold brigand
  1433 | D:3      | Noticed Lightli's ghost (weakling OgDe)
  1500 | D:3      | Found a hide-covered altar of Uskayaw.
  1516 | D:3      | Noticed Natasha
  1525 | D:3      | Killed Natasha
  1771 | D:3      | Found a sacrificial altar of Ru.
  1936 | D:3      | Noticed Natasha
  1937 | D:3      | Killed Natasha
  2307 | D:4      | Reached XP level 6. HP: 45/45 MP: 8/8
  2324 | D:4      | Reached skill level 5 in Fighting
  2324 | D:4      | Reached skill level 5 in Dodging
  2329 | D:4      | Reached *** piety under Hepliaklqana
  2369 | D:4      | Noticed Eustachio
  2386 | D:4      | Killed Eustachio
  2387 | D:4      | Reached XP level 7. HP: 50/50 MP: 10/10
  2791 | D:5      | Entered Level 5 of the Dungeon
  2991 | D:5      | Reached skill level 9 in Ranged Weapons
  3036 | D:5      | Found a transporter.
  3079 | D:5      | Noticed an ancient zyme
  3088 | D:5      | Reached XP level 8. HP: 56/56 MP: 12/12
  3119 | D:5      | Found a transporter.
  3288 | D:5      | Found a hazy altar of Hepliaklqana.
  3356 | D:5      | Noticed Juicyj's ghost (novice MiFi)
  3551 | D:5      | Found a one-way gate to the infinite horrors of the Abyss.
  3611 | D:6      | Found a stormy altar of Qazlal.
  3673 | D:6      | Reached XP level 9. HP: 62/62 MP: 14/14
  3835 | D:6      | Found a staircase to the Ecumenical Temple.
  3915 | D:7      | Noticed Dowan
  3981 | D:7      | Reached **** piety under Hepliaklqana
  4197 | D:7      | Noticed Duvessa
  4290 | D:7      | Reached skill level 5 in Stealth
  4299 | D:7      | Found a glowing golden altar of the Shining One.
  4450 | D:7      | Identified the +3 scale mail of Lebrarebb {rF+++ Will-
                  | Regen+ Int-5}
  4987 | D:8      | Found a flagged portal.
  5002 | Bailey   | Entered a bailey
  5103 | Bailey   | Reached skill level 5 in Invocations
  5245 | Bailey   | Slain by a gnoll sergeant

Illustrated notes

Levels and vault maps discovered:
D:1:      minmay_arrival_checkered_box, layout_rooms,
          shapermc_ecumenical_altar_notcrosses
D:2:      minmay_chambers_of_twos, layout_loops_ring, uniq_robin
D:3:      layout_basic, nicolae_ru_path_of_blood, overflow_temple_1_default,
          chequers_temple_overflow_statue_of_worship,
          gammafunk_ghost_nasty_kobolds, hangedman_decor_push, uniq_natasha
D:4:      minmay_spotlight, layout_loops_cross, uniq_eustachio
D:5:      layout_cave_pools, nicolae_hepliaklqana_hippocampus,
          gammafunk_ghost_abyssal_escape, kennysheep_generic_room_10
D:6:      layout_rooms, nicolae_qazlal_eye_of_the_storm,
          minmay_temple_entry_antechambers
D:7:      layout_basic, tso_metal_star, uniq_duvessa
D:8:      layout_basic, gammafunk_temple_overflow_elements, enter_bailey_4,
          kennysheep_cross_bottleneck, uniq_joseph, uniq_maurice
Bailey:   bailey_polearm_gnolls_kennysheep, bailey

Skill      XL: |  1  2  3  4  5  6  7  8  9 |
---------------+----------------------------+-----
Invocations    | 1 2 3 4 5 |  5.0
Short Blades   | 1 2 3 4 |  4.5
Long Blades    | 1 2 3 4 |  4.5
Axes           | 1 2 3 4 |  4.5
Maces & Flails | 1 2 3 4 |  4.5
Polearms       | 1 2 3 4 |  4.5
Staves         | 1 2 3 4 |  4.5
Throwing       | 1 2 3 4 |  4.5
Armour         | 1 2 3 4 |  4.5
Shields        | 1 2 3 4 |  4.5
Unarmed Combat | 1 2 3 4 |  4.5
Spellcasting   | 1 2 3 4 |  4.5
Evocations     | 1 2 3 4 |  4.5
Conjurations   | 1 2 3 |  3.8
Hexes          | 1 2 3 |  3.8
Summonings     | 1 2 3 |  3.8
Necromancy     | 1 2 3 |  3.8
Translocations | 1 2 3 |  3.8
Transmutations | 1 2 3 |  3.8
Fire Magic     | 1 2 3 |  3.8
Ice Magic      | 1 2 3 |  3.8
Air Magic      | 1 2 3 |  3.8
Earth Magic    | 1 2 3 |  3.8
Poison Magic   | 1 2 3 |  3.8
Stealth        | 3 4 5 |  5.2
Fighting       | 5 6 |  6.5
Dodging        | 5 6 |  6.5
Ranged Weapons | 9 |  9.7

Action                     |  1- 3 |  4- 6 |  7- 9 || total
---------------------------+-------+-------+-------++-------
  Melee: Dagger            |       |       |     4 ||     4
         Punch             |       |       |     1 ||     1
   Fire: Shortbow          |    75 |   131 |   280 ||   486
 Invoke: Ancestor Life: Kn |       |     1 |       ||     1
         Recall Ancestor   |       |       |     3 ||     3
  Evoke: Wand              |       |       |     1 ||     1
    Use: Scroll            |       |       |    14 ||    14
 Armour: Leather armour    |     1 |    13 |    17 ||    31
  Dodge: Dodged            |    12 |    31 |    63 ||   106
